 Dungeon Crawl Stone Soup version 0.30.1-11-g7821555f0a (webtiles) character file.

Game seed: 7711191146880401001

161 Nonny the Poker (level 5, 0/42 HPs)
             Began as a Merfolk Cinder Acolyte on Nov 7, 2023.
             Was a High Priest of Ignis.
             Slain by an orc
             ... wielding a +0 quarterstaff
              (2 damage)
             ... on level 3 of the Dungeon.
             The game lasted 00:09:45 (2219 turns).

Nonny the Poker (Merfolk Cinder Acolyte)            Turns: 2219, Time: 00:09:46

Health: 0/42       AC:  7    Str: 16    XL:     5   Next: 42%
Magic:  6/6        EV:  9    Int: 14    God:    Ignis [*****.]
Gold:   104        SH:  0    Dex:  9    Spells: 4/6 levels left

rFire   + . .        d - +0 trident
rCold   . . .        (no shield)
rNeg    . . .        n - +0 scale mail {rPois}
rPois   +            m - +0 helmet
rElec   .            (no cloak)
rCorr   .            (no gloves)
SInv    .            (no boots)
Will    .....        (no amulet) Stlth
                     (no ring)
HPRegen 0.27/turn    (no ring)
MPRegen 0.10/turn

%: no passive effects
@: no status effects
A: (nimble swimmer 2), mertail
a: Renounce Religion, Fiery Armour, Foxfire Swarm, Rising Flame


You were on level 3 of the Dungeon.
You worshipped Ignis.
Ignis was extremely pleased with you.
You visited 1 branch of the dungeon, and saw 3 of its levels.

You collected 104 gold pieces.

Inventory:

Hand Weapons
 a - a -1 spear of flaming
 d - a +0 trident (weapon)
Missiles
 g - 3 poisoned darts (quivered)
Armour
 m - a +0 helmet (worn)
 n - a +0 scale mail of poison resistance (worn)
Magical Staves
 h - a staff of cold
 p - a staff of earth
Scrolls
 c - a scroll of teleportation {unknown}
 k - a scroll of magic mapping {unknown}
 o - 2 scrolls of immolation {unknown}
Potions
 b - a potion of mutation {unknown}
 e - a potion of flight {unknown}
 f - a potion of haste {unknown}
 i - a potion of brilliance {unknown}
 j - 2 potions of ambrosia {unknown}
 l - a potion of magic {unknown}


   Skills:
 - Level 4.0 Fighting
 + Level 6.8 Polearms
 + Level 0.8 Armour
 + Level 1.5 Dodging
 - Level 1.0 Spellcasting
 - Level 2.1 Fire Magic


You had 4 spell levels left.
You knew the following spells:

 Your Spells              Type           Power      Damage    Failure   Level
a - Scorch                Fire           12%        2d5       52%         2

Your spell library contained the following spells:

 Spells                   Type           Power      Damage    Failure   Level
 Cigotuvi's Dreadful Rot  Necr/Pois/Air  0%         N/A       83%         2
 Portal Projectile        Hex/Tloc       0%         N/A       96%         3
 Simulacrum               Ice/Necr       0%         N/A       100%        6
 Malign Gateway           Summ/Tloc      0%         N/A       100%        7


Dungeon Overview and Level Annotations

Branches:
Dungeon (3/15)

Altars:


Innate Abilities, Weirdness & Mutations

((You are very nimble when in or above water. (Stealth+, EV+, Speed+++)))
Your lower body shifts to a powerful aquatic tail in water.


Message History

You barely miss the orc.
The orc is moderately wounded.
The orc hits you but does no damage.
You puncture the orc!
You kill the orc!
A magic dart appears from out of thin air!
The magic dart hits you.
Found a throwing net.
Something hits you but does no damage.
Items here: ! )) [[.
You barely miss something.
You hear some strange, mumbled words.
A puff of flame appears from out of thin air!
The puff of flame hits you. You resist.
You puncture something!
Reactivating autopickup.
You feel a bit more experienced.
The orc throws a stone.
The stone hits you but does no damage.
The orc hits you with a +0 quarterstaff.
Things that are here:
a +0 dagger; a +0 robe; an orc corpse You barely miss the orc.
The orc barely misses you.
You hit the orc but do no damage.
The orc hits you with a +0 quarterstaff!
* * * LOW HITPOINT WARNING * * *
You hit the orc but do no damage.
The orc hits you with a +0 quarterstaff.
* * * LOW HITPOINT WARNING * * *
You hit the orc but do no damage.
The orc hits you with a +0 quarterstaff.
* * * LOW HITPOINT WARNING * * *
You barely miss the orc.
Unknown command.
Press: ? - help, v - describe, . - travel
Here: an orc, wielding a +0 quarterstaff, wearing a +0 leather armour and quivering stones The floor.
Okay, then.
Okay, then.
The orc attacks as you move away!
The orc hits you with a +0 quarterstaff.
You die...

#...#######.#######
#...# #.......#
#...# #######.#
#...# #.# ....#
##.# #..## #..#
#..# #.## #..# #)#
...# #@# ##.#
#o....... ...#
#.####### #### ...
..# ...# (..# #.#.#


You could see an orc.

Vanquished Creatures
  An orc priest (D:2)
  Terence (D:3)
  2 orc wizards (D:3)
  A worm (D:1)
  A dart slug (D:3)
  4 orcs
  3 ball pythons
  8 bats
  2 endoplasms
  2 giant cockroaches
  5 goblins
  6 hobgoblins
  4 kobolds
  3 quokkas (D:1)
  3 frilled lizards
  A rat (D:1)
47 creatures vanquished.

Notes
Turn   | Place    | Note
-------+----------+-------------------------------------------
     0 | D:1      | Nonny the Merfolk Cinder Acolyte began the quest for the
                  | Orb.
     0 | D:1      | Reached XP level 1. HP: 18/18 MP: 2/2
    28 | D:1      | Starting vault: tiny flexing man
   210 | D:1      | Reached XP level 2. HP: 24/25 MP: 3/3
   353 | D:1      | Learned a level 2 spell: Scorch
   793 | D:2      | D:2 orc priest!
   973 | D:2      | Reached XP level 3. HP: 30/30 MP: 4/4
  1036 | D:1      | D:2 uphatch leads to eastern D:1 hallway. Second most
                  | viable way to dungeon exit for orbrun, actually.
  1149 | D:2      | Reached skill level 5 in Polearms
  1149 | D:2      | Reached skill level 1 in Dodging
  1149 | D:2      | Reached XP level 4. HP: 7/37 MP: 1/5
  1454 | D:2      | staff of cold in northeast
  1943 | D:3      | Got the Omnibus of Twisted Shifting
  1945 | D:3      | Noticed Terence
  1956 | D:3      | Killed Terence
  1957 | D:3      | Reached skill level 6 in Polearms
  2089 | D:3      | Identified the +2 dagger of Tartarus {heavy, Will+++ Int-5
                  | SInv Stlth+}
  2127 | D:3      | staff of earth in north-central D:3.
  2197 | D:3      | Reached XP level 5. HP: 42/42 MP: 6/6
  2217 | D:3      | HP: 2/42 [orc/+0 quarterstaff (6)]
  2219 | D:3      | Slain by an orc

Illustrated notes ##### . #...#### #. #.#.#<.# ##.# ####.##.# .....#.).....# #....@.##'# ###.......# ####.##.# #.#.#..# #...#### ##### Turn 28 on D:1: Starting vault: tiny flexing man ### #.. ###.### ..... # ####.### #. #..)...# #. #.##.#<# #.##.##.### #.....@.# #>...##.# # ###o###.#.##### #(..#.#...... ###.#....## #o#o....# #.......# ###.....# ###..o# Turn 793 on D:2: D:2 orc priest! ######.#.#.#.#.#.#.# ...............#.#.# ########..(#####.#.# ...........# #.#.# #########..# #.#.# ....#.#....# #(#.# ......#)...# #.#[# ###.#.#)...# #.#.# #...#......#####@#.# ......#.#........#.# #.#........#######.# ........########...## #.#.###..........#..# #.#.# #.#######.⌠...# #.#.# #(# #..#..# #.#.# #.# ##....# #.#.# #.# ##...# Turn 1036 on D:1: D:2 uphatch leads to eastern D:1 hallway. Second most viable way to dungeon exit for orbrun, actually. .## # .. #. #.# .## ..## # # .. #. . # #..#.## .#.##..# #....##....## #†.#@# $.# ##.#..##.# ...##....# # ##.#..##.#..# #..#.##..#.##..# . #....##....# .. #..#.##..#.##..# ## #..##.#..##.#..# #....##....##... Turn 1454 on D:2: staff of cold in northeast

##.###.## .># ##
#.## ##.######
#..# .. #.#
#......# #..# ##
##.## ##.####.#
#..# #...###.## ##
....<..## ##### #
. .. ......## #...
.# #. .....##
####.####†###.####
#.### #...##
.......@..........
.... ##.##
####.####..######
#.. ##.#####.#
##.# # #..
.........# #.#
#.#.. ##†#######
#.# #....
#......... #.#
####. #.########
#.# #. #.#
#####.##### ##.
#)# #.........#
#..


Turn 2127 on D:3: staff of earth in north-central D:3.

Levels and vault maps discovered:
D:1:      onia_arrival_mini_spirals, layout_basic, hangedman_feature_mirror,
          amcnicky_mini_pool_small, minmay_door_square
D:2:      layout_basic, nicolae_eternal_life
D:3:      layout_loops_ring, uniq_terence

Skill      XL: |  1  2  3  4 |
---------------+-------------+-----
Fighting       | 4 |  4.0
Polearms       | 5 6 |  6.8
Dodging        | 1 |  1.5
Armour         | |  0.8
Spellcasting   | |  1.0
Fire Magic     | |  2.1

Action                     |  1- 3 |  4- 6 || total
---------------------------+-------+-------++-------
  Melee: Spear             |    63 |     6 ||    69
         Tailslap          |     2 |       ||     2
         Punch             |     1 |     2 ||     3
         Trident           |       |    82 ||    82
  Throw: Dart              |     2 |     1 ||     3
   Cast: Scorch            |     2 |       ||     2
    Use: Scroll            |     1 |       ||     1
   Stab: Sleeping          |     1 |       ||     1
 Armour: Robe              |     3 |       ||     3
         Scale mail        |     3 |    21 ||    24
         Ring mail         |       |     4 ||     4
  Dodge: Dodged            |    16 |    32 ||    48
